 Dungeon Crawl Stone Soup version 0.31-a0-845-g9abc20d24f (webtiles) character file.

Game seed: 10979110452913336818

58 randomguy2701 the Covered (level 4, 0/32 HPs)
             Began as a Gnoll Wanderer on Oct 2, 2023.
             Was a Follower of Fedhas.
             Succumbed to an adder's poison
             ... on level 3 of the Dungeon.
             The game lasted 00:03:56 (2217 turns).

randomguy2701 the Covered (Gnoll Wanderer)          Turns: 2217, Time: 00:03:56

Health: 0/32       AC:  2    Str: 12    XL:     4   Next: 2%
Magic:  8/8        EV: 13    Int: 14    God:    Fedhas [*.....]
Gold:   100        SH:  0    Dex: 10    Spells: 7/8 levels left

rFire   . . .        a - +0 club
rCold   . . .        (no shield)
rNeg    . . .        i - +0 robe
rPois   .            (no helmet)
rElec   .            (no cloak)
rCorr   .            (no gloves)
SInv    .            (no boots)
Will    .....        (no amulet)
Stlth   +            (no ring)
HPRegen 0.25/turn    (no ring)
MPRegen 0.11/turn

%: no passive effects
@: lethally poisoned (0 -> -4)
A: fangs 1, strong nose, distributed training
a: Renounce Religion


You were on level 3 of the Dungeon.
You worshipped Fedhas.
Fedhas was aware of your devotion.
You visited 1 branch of the dungeon, and saw 3 of its levels.

You collected 100 gold pieces.

Inventory:

Hand Weapons
 a - a +0 club (weapon)
Armour
 c - a +0 ring mail
 i - a +0 robe (worn)
Scrolls
 d - 2 scrolls of torment {unknown}
 f - 3 scrolls of teleportation {unknown}
 g - a scroll of blinking {unknown}
 j - a scroll of identify {unknown}
Potions
 b - 2 potions of lignification
 e - a potion of attraction {unknown}
 h - 2 potions of degeneration {unknown}
 k - a potion of curing {unknown}
 l - a potion of cancellation {unknown}


   Skills:
 + Level 1.0 Fighting
 + Level 1.0 Short Blades
 + Level 1.0 Long Blades
 + Level 1.0 Axes
 + Level 1.0 Maces & Flails
 + Level 1.0 Polearms
 + Level 1.0 Staves
 + Level 1.0 Ranged Weapons
 + Level 2.7 Throwing
 + Level 6.5 Armour
 + Level 4.6 Dodging
 + Level 1.0 Stealth
 + Level 1.0 Shields
 + Level 1.0 Unarmed Combat
 + Level 2.9 Spellcasting
 + Level 3.8 Conjurations
 + Level 0.7 Hexes
 + Level 0.7 Summonings
 + Level 2.2 Necromancy
 + Level 0.7 Translocations
 + Level 0.7 Transmutations
 + Level 0.7 Fire Magic
 + Level 0.7 Ice Magic
 + Level 0.7 Air Magic
 + Level 0.7 Earth Magic
 + Level 0.7 Poison Magic
 + Level 1.1 Invocations
 + Level 1.0 Evocations
 + Level 0.9 Shapeshifting


You had 7 spell levels left.
You knew the following spells:

 Your Spells              Type           Power      Damage    Failure   Level
a - Foxfire               Conj/Fire      32%        2x1d5     9%          1

Your spell library contained the following spells:

 Spells                   Type           Power      Damage    Failure   Level
 Momentum Strike          Conj/Tloc      16%        3d8       13%         2
 Static Discharge         Conj/Air       16%        2-3/arc   13%         2
 Sublimation of Blood     Necr           8%         N/A       13%         2
 Freeze                   Ice            16%        1d4       16%         1
 Cigotuvi's Dreadful Rot  Necr/Pois/Air  10%        N/A       21%         2
 Hailstorm                Conj/Ice       8%         3d4       26%         3
 Frozen Ramparts          Ice            8%         1d2       43%         3


Dungeon Overview and Level Annotations

Branches:
Dungeon (3/15)

Altars:
Fedhas

Annotations:
D:2 1 runed translucent door, Crazy Yiuf, Sigmund


Innate Abilities, Weirdness & Mutations

You have very sharp teeth.
Your uncanny sense of smell can sniff out nearby items.
Your experience applies equally to all skills.


Message History

The adder bites you but does no damage.
You feel sick. The ball python barely misses you.
The ball python closely misses you. The adder bites you but does no damage.
The frilled lizard misses you. The ball python bites you.
The ball python closely misses you.
There is not enough space to conjure foxfire!
Unknown command.
Your foxfire dissipates!
You feel sick.
The foxfire hits the adder.
The adder is heavily wounded.
You feel sick. The adder attacks as it pursues you! The adder bites you.
You are more poisoned.
The adder poisons you!
You feel sick. The adder attacks as it pursues you!
The adder closely misses you. The adder barely misses you.
You barely miss the adder. Your bite misses the adder.
The adder is heavily wounded.
You feel sick. The adder bites you.
* * * LOW HITPOINT WARNING * * *
You hit the adder but do no damage.
The adder is heavily wounded.
You feel sick. The adder barely misses you. x2
Unknown command.
Okay, then.
You hit the adder.
The adder is almost dead.
You feel sick. The adder bites you.
* * * LOW HITPOINT WARNING * * *
You hit the adder but do no damage. Your bite misses the adder.
The adder is almost dead.
You feel sick.
You are no longer poisoned.
The adder bites you.
* * * LOW HITPOINT WARNING * * *
You are lethally poisoned!
The adder poisons you! The adder barely misses you.
You closely miss the adder.
The adder is almost dead.
You die...
Fedhas appreciates your contribution to the ecosystem.

..# #.# #.#
#.###.######
#>.........#
#######g#
......lS#
#######S#
#@# #.# #.#
#.# #.# #.#
#.# #.#


You could see an adder, a goblin, a ball python and a frilled lizard.

Vanquished Creatures
  Jessica (D:2)
  A dart slug (D:1)
  4 bats
  3 endoplasms
  A giant cockroach (D:1)
  3 goblins
  2 hobgoblins
  2 kobolds (D:1)
  2 quokkas (D:2)
  3 ball pythons (D:1)
  3 frilled lizards
  3 rats
28 creatures vanquished.

Vanquished Creatures (others)
  113 foxfires
113 creatures vanquished.

Grand Total: 141 creatures vanquished

Notes
Turn   | Place    | Note
-------+----------+-------------------------------------------
     0 | D:1      | randomguy2701 the Gnoll Wanderer began the quest for the
                  | Orb.
     0 | D:1      | randomguy2701 set off with the following items: a +0 club,
                  | a potion of lignification, a +0 ring mail; and the
                  | following spell memorised: Foxfire; and the following
                  | spells available to memorise: Sublimation of Blood,
                  | Momentum Strike, Static Discharge, Cigotuvi's Dreadful Rot.
     0 | D:1      | Reached XP level 1. HP: 13/13 MP: 4/4
   264 | D:1      | Reached XP level 2. HP: 9/19 MP: 3/5
   833 | D:1      | Reached XP level 3. HP: 25/25 MP: 5/7
  1081 | D:2      | Found a runed translucent door.
  1082 | D:2      | Noticed Crazy Yiuf
  1229 | D:2      | Noticed Sigmund
  1811 | D:2      | Noticed Jessica
  1817 | D:2      | Killed Jessica
  1818 | D:2      | Reached skill level 1 in Fighting
  1818 | D:2      | Reached skill level 1 in Short Blades
  1818 | D:2      | Reached skill level 1 in Long Blades
  1818 | D:2      | Reached skill level 1 in Axes
  1818 | D:2      | Reached skill level 1 in Maces & Flails
  1818 | D:2      | Reached skill level 1 in Polearms
  1818 | D:2      | Reached skill level 1 in Staves
  1818 | D:2      | Reached skill level 1 in Ranged Weapons
  1818 | D:2      | Reached skill level 1 in Stealth
  1818 | D:2      | Reached skill level 1 in Shields
  1818 | D:2      | Reached skill level 1 in Unarmed Combat
  1818 | D:2      | Reached skill level 1 in Invocations
  1818 | D:2      | Reached skill level 1 in Evocations
  1888 | D:2      | Found a faded altar of an unknown god.
  2003 | D:2      | Reached XP level 4. HP: 12/32 MP: 8/8
  2026 | D:2      | Prayed at the altar of an unknown god.
  2026 | D:2      | Became a worshipper of Fedhas Madash
  2026 | D:2      | Reached * piety under Fedhas
  2217 | D:3      | Succumbed to an adder's poison

Illustrated notes

Levels and vault maps discovered:
D:1:      dpeg_arrival_shrine, layout_basic
D:2:      layout_basic, hellmonk_ecumenical_altar_heavens_door,
          minmay_quadrilaterals, uniq_sigmund, uniq_jessica,
          uniq_crazy_yiuf_cottage
D:3:      layout_loops_ring, lemuel_zombie_altar_kikubaaqudgha,
          gup_sewer_entry_glass

Skill      XL: |  1  2  3 |
---------------+----------+-----
Necromancy     | 2 |  2.2
Fighting       | 1 |  1.0
Short Blades   | 1 |  1.0
Long Blades    | 1 |  1.0
Axes           | 1 |  1.0
Maces & Flails | 1 |  1.0
Polearms       | 1 |  1.0
Staves         | 1 |  1.0
Ranged Weapons | 1 |  1.0
Stealth        | 1 |  1.0
Shields        | 1 |  1.0
Unarmed Combat | 1 |  1.0
Invocations    | 1 |  1.1
Evocations     | 1 |  1.0
Throwing       | |  2.7
Armour         | |  6.5
Dodging        | |  4.6
Spellcasting   | |  2.9
Conjurations   | |  3.8
Hexes          | |  0.7
Summonings     | |  0.7
Translocations | |  0.7
Transmutations | |  0.7
Fire Magic     | |  0.7
Ice Magic      | |  0.7
Air Magic      | |  0.7
Earth Magic    | |  0.7
Poison Magic   | |  0.7
Shapeshifting  | |  0.9

Action                     |  1- 3 |  4- 6 || total
---------------------------+-------+-------++-------
  Melee: Club              |    57 |    10 ||    67
         Bite              |     5 |       ||     5
         Punch             |     1 |       ||     1
   Cast: Foxfire           |    66 |     1 ||    67
   Stab: Sleeping          |       |     2 ||     2
 Armour: Ring mail         |    45 |       ||    45
         Robe              |    26 |    17 ||    43
  Dodge: Dodged            |    58 |    32 ||    90

Table legend: (Time is in decaauts)
 A = Elapsed time spent in this place.
 B = Non-inter-level travel time spent in this place.
 C = Inter-level travel time spent in this place.
 D = Time resting spent in this place.
 E = Time spent auto-exploring this place.
 F = Levels seen in this place.
 G = Mean time per level.
                   A        B        C        D        E       F      G
               +--------+--------+--------+--------+--------+-----+--------+
         Total |   2241 |   2002 |    239 |      0 |   1667 |   3 |  747.0 |
       Dungeon |   2241 |   2002 |    239 |      0 |   1667 |   3 |  747.0 |
               +--------+--------+--------+--------+--------+-----+--------+

Top non-repeatable levels by time:
     D:1: 1562 daAuts
     D:2: 665 daAuts
     D:3: 14 daAuts
